Map: Para Site LE

Players

Cliggity - Winner!

  • Race: Protoss Protoss
  • League: Platinum
  • Spawn Location: 11:00

Kangix

  • Race: Zerg Zerg
  • League: Diamond
  • Spawn Location: 5:00

VOD

Have the link to the VOD?

Description

Storms

Time

  • Played on: Dec. 9, 2018, 2:42 a.m.
  • Length: 20:14
Show
View Real Time Build Order
Export as new Build Order

Cliggity Protoss - Winner!

Build Orders: 1 Gate Expand, Phoenix Opening, Chargelot Immortal, Mass Phoenix 

Get SALT Encoding   

  12  0:00  Probe  
  13  0:12  Probe  
  14  0:22  Pylon  
  14  0:25  Probe  
  15  0:37  Probe  
  16  0:45  Probe, Gateway  
  17  0:53  Assimilator  
  17  0:55  Probe  
  18  1:07  Probe  
  19  1:19  Probe  
  19  1:42  Nexus  
  19  1:46  Probe, Cybernetics Core  
  20  1:49  Assimilator  
  20  1:56  Probe  
  21  2:01  Pylon  
  21  2:04  Probe  
  22  2:20  Probe  
  23  2:22  Gateway  
  23  2:25  Adept  
  25  2:36  Stargate  
  25  2:46  Warp Gate  
  25  2:50  Probe x2  
  25  2:58  Probe x2  
  29  3:07  Probe  
  29  3:08  Probe  
  29  3:11  Stargate  
  31  3:18  Probe  
  31  3:19  Probe  
  32  3:24  Phoenix  
  32  3:26  Probe  
  35  3:31  Probe  
  37  3:34  Probe  
  38  3:43  Probe, Pylon  
  38  3:45  Assimilator  
  38  3:46  Probe  
  40  3:48  Assimilator  
  40  3:50  Phoenix  
  42  3:56  Probe  
  42  3:58  Probe  
  42  4:00  Phoenix  
  46  4:08  Probe  
  47  4:10  Probe  
  47  4:15  Phoenix  
  50  4:17  Gateway  
  50  4:20  Probe  
  50  4:22  Probe  
  50  4:23  Pylon  
  52  4:31  Phoenix  
  54  4:41  Probe x2  
  54  4:43  Pylon  
  54  4:44  Phoenix  
  58  4:53  Probe  
  58  4:56  Phoenix  
  61  5:01  Twilight Council  
  61  5:04  Robotics Facility  
  61  5:06  Probe  
  62  5:12  Phoenix  
  62  5:27  Phoenix  
  64  5:33  Adept x3  
  70  5:51  Nexus  
  70  5:59  Pylon  
  70  6:02  Pylon  
  70  6:14  Pylon  
  70  6:17  Immortal, Probe x2, Phoenix  
  78  6:22  Gateway  
  78  6:24  Gateway, Pylon  
  78  6:45  Probe x2  
  80  6:47  Adept  
  80  6:48  Adept x2  
  80  6:50  Charge  
  86  7:07  Phoenix x2  
  86  7:10  Warp Prism  
  86  7:12  Adept x3  
  94  7:16  Probe x2  
  94  7:17  Probe  
  94  7:18  Gateway  
  97  7:23  Pylon  
  97  7:26  Pylon  
  97  7:28  Probe x2  
  97  7:29  Probe  
  100  7:40  Probe  
  100  7:42  Gateway x2  
  100  7:43  Pylon  
  101  7:45  Pylon  
  101  7:46  Immortal  
  105  7:52  Templar Archives  
  105  8:09  Probe  
  105  8:10  Probe x2  
  104  8:21  Probe  
  104  8:22  Probe x2  
  104  8:23  Forge  
  104  8:24  Zealot x2  
  104  8:25  Zealot x4, Forge  
  90  8:35  Protoss Ground Armor Level 1  
  90  8:41  Psionic Storm  
  82  8:42  Zealot x2, Protoss Ground Weapons Level 1  
  82  8:47  Zealot x6  
  90  8:51  Immortal  
  90  8:56  Gateway  
  90  9:07  Assimilator  
  90  9:23  Zealot x2  
  90  9:24  Zealot x5  
  96  9:50  Zealot x8  
  110  9:54  Immortal  
  106  10:14  High Templar x8  
  106  10:15  High Templar  
  106  10:19  Archon x3  
  124  10:26  Protoss Ground Weapons Level 2  
  124  10:27  Protoss Ground Armor Level 2  
  124  10:33  Immortal  
  128  10:47  Pylon  
  124  10:50  Assimilator  
  112  10:58  Zealot x4  
  112  11:01  Zealot x4  
  112  11:02  Zealot  
  122  11:08  Archon  
  108  11:13  Immortal  
  104  11:20  Zealot x4  
  104  11:21  Zealot x3  
  104  11:22  Zealot x2  
  104  11:39  Gateway  
  94  11:42  Zealot x4, Gateway x2  
  94  11:43  Zealot x4  
  106  11:53  Probe x2  
  108  12:13  Nexus  
  108  12:14  Zealot  
  108  12:15  Zealot x6, Assimilator  
  120  12:19  Assimilator  
  120  12:36  High Templar x7  
  120  12:37  High Templar x2  
  134  12:40  Protoss Ground Weapons Level 3  
  118  13:04  Zealot x2  
  114  13:30  Zealot x9  
  114  13:31  Zealot x2  
  136  13:34  Protoss Ground Armor Level 3  
  136  13:39  Warp Prism  
  138  13:50  Probe x2, Pylon  
  138  13:52  Pylon  
  134  14:02  Zealot  
  134  14:03  Zealot x10  
  151  14:15  Observer  
  152  14:17  Nexus  
  146  14:43  Probe x3  
  145  14:52  Probe x3  
  148  15:00  Probe x3  
  151  15:10  Probe x2  
  153  15:15  Zealot x5  
  153  15:16  Zealot x4  
  169  15:35  Immortal  
  134  15:45  Zealot x7  
  131  15:58  High Templar x4  
  139  16:06  Archon x2, Probe x2  
  139  16:10  Probe x2  
  143  16:13  Immortal  
  143  16:14  Probe x2  
  148  16:22  Probe  
  148  16:32  Zealot x3  
  148  16:33  Zealot, Nexus  
  148  16:35  Assimilator  
  148  16:39  Assimilator  
  140  16:43  Pylon  
  136  16:50  Zealot x4  
  138  16:57  High Templar  
  138  16:58  High Templar x4  
  131  17:17  High Templar  
  131  17:18  High Templar x5  
  131  17:19  Archon x2  
  131  17:21  Archon  
  131  17:22  Archon x2  
  140  17:41  Nexus  
  138  17:50  Probe, Protoss Shields Level 1  
  138  17:51  Probe  
  134  17:53  Probe x2  
  138  17:58  Probe  
  138  17:59  Probe  
  138  18:05  Probe  
  131  18:41  Zealot x10  
  117  18:42  Zealot  
  131  18:56  Probe x2  
  119  19:25  High Templar x10  
  125  19:44  Archon  
  125  19:45  Archon x3  
  125  19:46  Archon  
  125  19:56  Zealot  
  123  20:00  Zealot x5  
  123  20:01  Zealot x2  
  123  20:03  Nexus  
  123  20:05  Assimilator  
  137  20:09  Assimilator  
Show
View Real Time Build Order
Export as new Build Order

Kangix Zerg 

Build Orders: 3 Hatch before Pool 

Get SALT Encoding   

  12  0:01  Drone  
  13  0:10  Drone  
  14  0:15  Drone, Extractor  
  15  0:22  Overlord  
  15  0:40  Drone x2  
  17  0:55  Hatchery  
  16  1:01  Drone x2  
  18  1:25  Hatchery  
  17  1:32  Drone  
  18  1:39  Drone x2  
  20  1:49  Spawning Pool  
  20  1:52  Drone  
  20  2:05  Drone x2  
  22  2:12  Drone  
  22  2:15  Drone  
  24  2:21  Drone  
  25  2:31  Drone x2  
  27  2:41  Queen  
  27  2:42  Queen x2  
  33  2:44  Overlord  
  33  2:47  Extractor  
  33  2:51  Drone  
  33  2:54  Overlord  
  34  3:06  Spore Crawler  
  34  3:09  Spore Crawler  
  34  3:10  Spore Crawler  
  34  3:12  Drone x5  
  36  3:13  Drone  
  37  3:25  Drone x5  
  42  3:34  Spore Crawler  
  42  3:37  Drone x3, Spore Crawler  
  43  3:43  Spine Crawler  
  43  3:46  Zergling x2  
  43  3:48  Extractor  
  43  3:50  Extractor  
  42  3:55  Drone, Extractor  
  42  3:56  Drone x4, Extractor  
  42  3:58  Drone  
  45  4:08  Overlord x2  
  45  4:09  Drone x3  
  48  4:11  Drone  
  48  4:13  Drone  
  50  4:17  Overlord  
  50  4:28  Drone x8  
  50  4:30  Drone  
  59  4:34  Extractor  
  59  4:36  Metabolic Boost  
  59  4:38  Drone x2  
  59  4:39  Drone  
  61  4:46  Overlord  
  61  4:47  Overlord  
  61  4:50  Lair  
  61  5:02  Evolution Chamber  
  61  5:03  Drone x5  
  61  5:04  Zergling x6  
  61  5:05  Evolution Chamber  
  66  5:43  Zerg Melee Weapons Level 1, Zerg Ground Armor Level 1  
  66  5:48  Overlord x4  
  66  5:55  Hydralisk Den  
  66  5:57  Drone, Roach Warren  
  66  5:58  Drone  
  66  6:00  Overlord  
  66  6:07  Spine Crawler  
  66  6:10  Spine Crawler  
  64  6:11  Drone x3  
  64  6:12  Drone x3  
  64  6:14  Drone  
  71  6:21  Overlord x2  
  71  6:22  Overlord, Evolution Chamber  
  70  6:26  Grooved Spines  
  70  6:27  Hydralisk x2  
  70  6:28  Hydralisk x8  
  86  6:45  Hydralisk x5  
  86  6:46  Hydralisk x3  
  100  6:52  Queen  
  102  6:57  Overlord x2  
  102  6:58  Overlord  
  92  7:10  Hydralisk x3  
  92  7:11  Hydralisk x3  
  104  7:18  Queen  
  104  7:22  Glial Reconstitution  
  106  7:26  Queen  
  106  7:27  Extractor  
  106  7:28  Queen  
  106  7:29  Zergling x2  
  110  7:30  Zergling x6  
  113  7:44  Zerg Ground Armor Level 2  
  113  7:46  Zerg Missile Weapons Level 1  
  113  7:47  Zerg Melee Weapons Level 2  
  113  7:56  Infestation Pit  
  112  8:01  Hydralisk x2  
  112  8:02  Hydralisk x3  
  112  8:03  Queen, Hydralisk  
  122  8:06  Hydralisk  
  117  8:33  Hydralisk x6  
  109  8:53  Hydralisk x4  
  109  8:54  Hydralisk x3  
  115  9:00  Zergling x4  
  109  9:13  Hydralisk x3  
  113  9:26  Muscular Augments  
  101  9:47  Hydralisk  
  101  9:48  Hydralisk x13  
  101  9:50  Zergling x4  
  101  9:52  Queen  
  130  9:54  Queen  
  127  10:15  Hydralisk  
  127  10:16  Overlord x2  
  127  10:17  Overlord x3  
  127  10:18  Zerg Missile Weapons Level 2  
  129  10:23  Drone  
  130  10:31  Overlord  
  130  10:47  Hive  
  101  11:13  Hydralisk  
  101  11:14  Hydralisk x7  
  101  11:15  Hydralisk x2  
  121  11:25  Hydralisk x2  
  121  11:26  Hydralisk  
  85  12:07  Zergling x2  
  85  12:08  Zergling x14  
  90  12:11  Hatchery  
  90  12:13  Hatchery  
  86  12:38  Hydralisk Den  
  79  12:55  Drone  
  79  12:56  Drone x15  
  91  13:22  Spine Crawler  
  91  13:24  Spine Crawler  
  89  13:34  Extractor  
  89  13:36  Zerg Missile Weapons Level 3  
  89  13:38  Zerg Ground Armor Level 3, Zerg Melee Weapons Level 3  
  88  13:43  Drone x5  
  88  13:44  Drone x2  
  95  13:53  Spire  
  92  14:19  Roach  
  92  14:20  Roach x11  
  114  14:34  Queen  
  114  14:37  Drone x2  
  114  14:38  Drone  
  115  14:56  Roach  
  115  14:57  Roach x9  
  135  15:09  Roach x5  
  135  15:10  Queen  
  143  15:29  Hydralisk x4  
  143  15:30  Hydralisk x3  
  157  15:40  Roach  
  157  15:41  Roach x3  
  157  16:00  Drone x7  
  157  16:01  Drone x3  
  167  16:20  Extractor  
  167  16:22  Spine Crawler  
  165  16:27  Extractor  
  154  16:51  Overlord x2  
  154  16:53  Overlord  
  116  17:19  Roach x3  
  116  17:20  Roach x7  
  116  17:21  Roach x4  
  142  17:23  Spine Crawler  
  142  17:24  Spine Crawler  
  142  17:25  Spine Crawler  
  137  17:30  Spine Crawler  
  135  17:55  Hatchery  
  134  18:03  Greater Spire  
  134  18:13  Hatchery  
  79  18:43  Hydralisk  
  79  18:45  Hydralisk  
  79  18:46  Hydralisk x7  
  79  18:47  Hydralisk x8  
  104  18:58  Hydralisk x5  
  79  19:37  Hydralisk x4  
  79  19:38  Hydralisk  
  56  19:46  Hydralisk  
  56  19:47  Hydralisk  
Tags
 
Add a new tag
Caveats
  • Supply blocks, unpowered buildings, or Contaminate may cause inaccurate times.
  • Supply counts are checked every 10 seconds.